 Dungeon Crawl Stone Soup version 0.25-a0-251-g572059c536 (webtiles) character file.

Game seed: 1296768615232619749, levelgen mode: classic

235 Borgoz the Shield-Bearer (level 6, -2/38 HPs)
             Began as a Gargoyle Fighter on Dec 4, 2019.
             Was an Initiate of Ashenzari.
             Killed from afar by an orc wizard (7 damage)
             ... with a magic dart
             ... on level 5 of the Dungeon.
             The game lasted 00:05:20 (3280 turns).

Borgoz the Shield-Bearer (Gargoyle Fighter)         Turns: 3280, Time: 00:05:21

Health: -2/38      AC: 15    Str: 21    XL:     6   Next: 5%
Magic:  6/6        EV:  7    Int:  9    God:    Ashenzari [......]
Gold:   142        SH:  9    Dex:  9    Spells: 5/5 levels left

rFire    . . .     SeeInvis .   a - +0 long sword
rCold    . . .     Gourm    .   c - +0 shield
rNeg     + . .     Faith    .   b - +0 scale mail
rPois    ∞         Spirit   .   r - +2 hat
rElec    +         Reflect  .   (no cloak)
rCorr    .         Harm     .   (no gloves)
MR       .....                  s - +1 pair of boots
Stlth    ..........             (no amulet)
HPRegen  0.12/turn              (no ring)
MPRegen  0.10/turn              (no ring)

@: drained
A: negative energy resistance 1, electricity resistance, unbreathing,
petrification resistance, rot immunity, AC +4
a: Curse Item, Renounce Religion


You were on level 5 of the Dungeon.
You worshipped Ashenzari.
Ashenzari was noncommittal.
You were not hungry.

You visited 2 branches of the dungeon, and saw 6 of its levels.

You collected 142 gold pieces.

Inventory:

Hand Weapons
 a - a +0 long sword (weapon)
Missiles
 u - a throwing net (quivered)
Armour
 b - a +0 scale mail (worn)
 c - a +0 shield (worn)
 r - a +2 hat (worn)
 s - a +1 pair of boots (worn)
 y - +0 gold dragon scales
Jewellery
 n - an uncursed ring of ice
Wands
 x - a wand of flame (27)
Scrolls
 e - 2 scrolls of magic mapping
 h - 2 scrolls of remove curse
 i - 4 scrolls of teleportation
 k - a scroll of blinking
 l - a scroll of enchant armour
 m - a scroll of fog
 o - 2 scrolls of amnesia {unknown}
 p - a scroll of immolation {unknown}
 q - a scroll of random uselessness {unknown}
 w - a scroll of enchant weapon {unknown}
Potions
 d - a potion of might
 j - 2 potions of flight
 t - 2 potions of brilliance {unknown}
Comestibles
 f - 4 rations


   Skills:
 + Level 4.3(3.3) Fighting
 * Level 3.6(2.6) Long Blades
 + Level 4.3(3.3) Armour
 + Level 4.4(3.4) Shields


You had 5 spell levels left.
You didn't know any spells.
Your spell library was empty.

Dungeon Overview and Level Annotations

Branches:
Dungeon (5/15)             Temple (1/1) D:5

Altars:
Ashenzari
Cheibriados
Dithmenos
Elyvilon
Gozag
Hepliaklqana
Kikubaaqudgha
Nemelex Xobeh
Ru
Vehumet
Wu Jian
Xom
Zin
The Shining One

Annotations:
D:5 1 transporter


Innate Abilities, Weirdness & Mutations

You are resistant to torment.
Your stone body is resilient. (AC +4)
You are immune to poison.
You resist negative energy. (rN+)
You are resistant to electric shocks. (rElec)
You can survive without breathing.
You are immune to petrification.
You are immune to rotting.


Message History

You slash the orc wizard!
The orc wizard is severely wounded.
The orc wizard hits you but does no damage. x2
Your shield prevents you from hitting the orc wizard.
The orc wizard is severely wounded.
The orc wizard hits you but does no damage.
You hit the orc wizard but do no damage.
The orc wizard is severely wounded.
You block the orc wizard's attack. The orc wizard casts a spell at you.
The magic dart hits you!
* * * LOW HITPOINT WARNING * * *
You hit the orc wizard but do no damage.
The orc wizard is severely wounded.
The orc wizard casts a cantrip, but nothing happens.
You barely miss the orc wizard.
The orc wizard is severely wounded.
The orc wizard casts a spell at you. The magic dart hits you!
You die...

.....##..........#.......#*,,*
####.##..........#.......##.*****
...#.........÷...#..........,,,,,
...#............<#..........,,,,,
#..#.............'..........,,,,,
#..#.##..........#..........,,,,,
...#............oZ..........,,,,,
..:#©..#########o########.##*****
..)#..##**###* #@# *,..,,,,,
#..#.##*,....* #.# **,.,,,,,
#..#.###.....* #.# *,,,,,,,
...#.........**#.# *,,,,,,,
..©#..#......+,..# ***,*****
####..#,.....**#.# *,,,,,,,,
......#.#####**#+#***** *,,*,****
.[.........# *,,,,,,,,* *,,*,,* *
......#.##.# *,,,,,,,,* *,,**,* *


You could see an orc wizard, an orc and a leopard gecko skeleton.

Vanquished Creatures
  2 hounds (D:4)
  An iguana (D:5)
  An orc wizard (D:5)
  A worker ant (D:4)
  3 adders
  2 oozes
  An adder skeleton (D:4)
  6 worms
  3 dart slugs (D:1)
  A leopard gecko (D:1)
  A ball python (D:3)
  5 bats
  6 giant cockroaches
  8 goblins
  4 hobgoblins
  3 jackals (D:5)
  A quokka (D:2)
  3 frilled lizards
  A kobold (D:1)
  5 rats
58 creatures vanquished.

Notes
Turn   | Place    | Note
-------+----------+-------------------------------------------
     0 | D:1      | Borgoz the Gargoyle Fighter began the quest for the Orb.
     0 | D:1      | Reached XP level 1. HP: 14/14 MP: 1/1
    64 | D:1      | Reached XP level 2. HP: 19/19 MP: 2/2
   709 | D:1      | Reached XP level 3. HP: 23/23 MP: 3/3
  1543 | D:2      | Reached XP level 4. HP: 23/29 MP: 4/4
  2503 | D:4      | Reached XP level 5. HP: 31/33 MP: 5/5
  3089 | D:5      | Entered Level 5 of the Dungeon
  3131 | D:5      | Found a staircase to the Ecumenical Temple.
  3134 | Temple   | Entered the Ecumenical Temple
  3202 | Temple   | Became a worshipper of Ashenzari the Shackled
  3217 | D:5      | Noticed an ice beast
  3219 | D:5      | Found a transporter.
  3273 | D:5      | Reached XP level 6. HP: 11/38 MP: 6/6
  3280 | D:5      | Killed from afar by an orc wizard

Levels and vault maps discovered:
D:1:      dpeg_arrival_erosion, layout_loops_ring, serial_co_window_serial,
          co_window_paths_a, co_window_paths_a, co_window_paths_a,
          co_window_corner_a, co_window_paths_a, co_window_corner_a,
          co_window_corner_a, co_window_broadway_b, co_window_unsneaky_path_d,
          co_window_corner_b, co_window_of_opportunity_b, glass_columns_a,
          glass_columns_c, glass_columns_a, glass_columns_b,
          roderic_filled_cross
D:2:      layout_basic, first_ration
D:3:      layout_loops_ring
D:4:      layout_basic, serial_aquarium, aquarium_bridge_straight
          [aquarium_subvault_bridge, aquarium_subvault_window,
          aquarium_subvault_bridge, aquarium_subvault_wall],
          aquarium_window_fake, aquarium_window_2, aquarium_view_2c,
          grunt_decor_cap
D:5:      layout_basic, minmay_temple_entry_statues, gammafunk_ghost_mausoleum,
          nicolae_ossuary_entry_false_entrances, makhleb_heckhound_becter
Temple:   nicolae_temple_great_sept

Skill      XL: |  1  2  3  4 |
---------------+-------------+-----
Long Blades    | 2 3 |  3.6
Shields        | 4 |  4.4
Fighting       | 4 |  4.3
Armour         | 4 |  4.3

Action                   |  1- 3 |  4- 6 || total
-------------------------+-------+-------++-------
Melee: Long sword        |   117 |   162 ||   279
  Use: Scroll            |     5 |     4 ||     9
       Potion            |       |     2 ||     2
  Eat: Chunk             |     2 |     6 ||     8
Armor: Scale mail        |    49 |   112 ||   161
Dodge: Dodged            |    37 |    57 ||    94
Block: Shield            |    48 |    94 ||   142
       Rpst.: Long sword |    14 |    20 ||    34

Table legend:
 A = Non-vault XP
 B = Vault XP
 C = Vault XP percentage of total XP
 D = Non-vault monster count
 E = Vault monster count
 F = Vault count percentage of total count
                 A         B        C        D         E       F
            +---------+---------+-------+---------+---------+-------
      Total |     336 |       0 |   0.0 |      58 |       0 |   0.0
            +---------+---------+-------+---------+---------+-------
        D:1 |      36 |       0 |   0.0 |      14 |       0 |   0.0
        D:2 |      52 |       0 |   0.0 |      19 |       0 |   0.0
        D:3 |      35 |       0 |   0.0 |      13 |       0 |   0.0
        D:4 |     153 |       0 |   0.0 |       7 |       0 |   0.0
        D:5 |      60 |       0 |   0.0 |       5 |       0 |   0.0
            +---------+---------+-------+---------+---------+-------
